[Event "Titled Tuesday Blitz April 11 Late 2023"]
[White "Zarubitski, Viachaslau"]
[Black "Mordechai, Hanan"]
[WhiteFideId "13509373"]
[BlackFideId "2804166"]
[WhiteElo "2284"]
[BlackElo "2324"]
[Result "1-0"]
[Round "02"]
[TimeControl "180+2"]
[Date "2023.04.11"]
[WhiteClock "0:02:06"]
[BlackClock "0:00:14"]

1. e4 c5 2. Nf3 d6 3. c3 Nf6 4. Be2 Nc6 5. d4 e6 6. Bd3 Be7 7. O-O O-O 8. Re1 cxd4 9. cxd4 Nb4 10. Bf1 d5 11. e5 Ne4 12. Nc3 Nxc3 13. bxc3 Nc6 14. Bd3 Re8 15. g3 Na5 16. h4 Nc4 17. Ng5 g6 18. Kg2 b5 19. Qg4 b4 20. h5 Bf8 21. Nxh7 Bg7 22. hxg6 fxg6 23. Qxg6 1-0


[Site "https://www.chess.com"]

[Event "Titled Tuesday Blitz April 11 Late 2023"]
[White "Harriott, Tyrell"]
[Black "Kavutskiy, Konstantin"]
[WhiteFideId "2086484"]
[BlackFideId "2026384"]
[WhiteElo "2107"]
[BlackElo "2323"]
[Result "0-1"]
[Round "02"]
[TimeControl "180+2"]
[Date "2023.04.11"]
[WhiteClock "0:01:17"]
[BlackClock "0:01:50"]

1. d4 Nf6 2. e3 g6 3. Bd3 Bg7 4. f4 O-O 5. Nf3 d6 6. O-O Nc6 7. e4 e5 8. d5 Ne7 9. fxe5 dxe5 10. c4 Nd7 11. Be3 h6 12. Qd2 Kh7 13. c5 f5 14. Nc3 f4 15. Bf2 g5 16. Kh1 Ng6 17. Qe1 a6 18. b4 Bf6 19. Nd2 g4 20. Nc4 h5 21. a4 h4 22. g3 Rh8 23. Ne2 f3 24. Nc3 hxg3 25. Bxg3 Kg7 26. Ne3 Ndf8 27. Nf5+ Bxf5 28. exf5 Nf4 29. Bxf4 exf4 30. Bc4 g3 31. Rxf3 Rxh2+ 32. Kg1 Bd4+ 33. Kf1 g2+ 34. Ke2 g1=Q+ 35. Kd3 Qxe1 36. Rxe1 Bxc3 37. Kxc3 Qf6+ 38. Kd3 Nd7 39. Rg1+ Kf8 40. d6 Ne5+ 41. Ke4 Nxc4 42. Rxf4 Re8+ 43. Kf3 Re3+ 0-1


[Site "https://www.chess.com"]

[Event "Titled Tuesday Blitz April 11 Late 2023"]
[White "Senthilkumar, Pranav"]
[Black "Hirneise, Jens"]
[WhiteFideId "2083477"]
[BlackFideId "24614734"]
[WhiteElo "1860"]
[BlackElo "2345"]
[Result "1-0"]
[Round "02"]
[TimeControl "180+2"]
[Date "2023.04.11"]
[WhiteClock "0:00:18"]
[BlackClock "0:00:26"]

1. Nf3 d5 2. d4 Nd7 3. c4 dxc4 4. e3 Nb6 5. Bxc4 Nxc4 6. Qa4+ c6 7. Qxc4 Nf6 8. O-O Qd5 9. Qe2 Qh5 10. Qc4 g5 11. Nc3 g4 12. Ne5 Be6 13. Qb4 O-O-O 14. Qa5 a6 15. b4 Nd5 16. Nxd5 Bxd5 17. a4 Bxg2 18. Kxg2 Rd5 19. Qb6 Qh3+ 20. Kg1 Bg7 21. Nxc6 Rh5 22. Nxe7+ Kb8 23. Qd6+ Ka8 24. Qg3 Re8 25. Nd5 Rxd5 26. b5 Qh5 27. bxa6 bxa6 28. Ba3 Qh3 29. Rab1 Qxg3+ 30. hxg3 f5 31. Rfc1 Rd7 32. Rc6 Rb7 33. Rxa6+ Kb8 34. Bd6+ Kc8 35. Ra8+ Kd7 36. Rxb7+ Kxd6 37. Rxe8 1-0


[Site "https://www.chess.com"]

[Event "Titled Tuesday Blitz April 11 Late 2023"]
[White "Thorfinnsson, Bjorn"]
[Black "Tymrakiewicz, Rafal"]
[WhiteFideId "2300982"]
[BlackFideId "1108832"]
[WhiteElo "2395"]
[BlackElo "2151"]
[Result "1/2-1/2"]
[Round "02"]
[TimeControl "180+2"]
[Date "2023.04.11"]
[WhiteClock "0:00:44"]
[BlackClock "0:00:05"]

1. d4 Nf6 2. Nf3 d6 3. Bg5 Ne4 4. e3 Nxg5 5. Nxg5 e5 6. h4 Nc6 7. Bc4 d5 8. Qf3 Qf6 9. Qxd5 Be6 10. Nxe6 fxe6 11. Qxe6+ Qxe6 12. Bxe6 exd4 13. exd4 Nxd4 14. Bb3 Be7 15. g3 O-O-O 16. O-O Rhe8 17. Nc3 Bf6 18. Rfd1 Nf3+ 19. Kg2 Nd2 20. Re1 c6 21. Rxe8 Rxe8 22. Rd1 Nxb3 23. axb3 Bxc3 24. bxc3 Re2 25. Rc1 a5 26. c4 Kc7 27. Kf3 Re8 28. Ra1 Kb6 29. Rd1 Re7 30. Rd3 Kc5 31. c3 b5 32. cxb5 cxb5 33. Rd8 Ra7 34. Rc8+ Kd6 35. Rb8 a4 36. bxa4 bxa4 37. Rb2 a3 38. Ra2 Kc5 39. h5 Kc4 40. h6 gxh6 41. Ke4 Re7+ 42. Kf5 Kb3 43. Ra1 Rf7+ 44. Ke6 Rxf2 45. c4 Kb2 46. Rd1 a2 47. c5 a1=Q 48. Rxa1 Kxa1 49. c6 Rc2 50. Kd7 Rd2+ 51. Ke7 Re2+ 52. Kd7 Rd2+ 53. Ke7 Rc2 54. Kd7 Rd2+ 1/2-1/2


[Site "https://www.chess.com"]

[Event "Titled Tuesday Blitz April 11 Late 2023"]
[White "Alexikov, Alexander"]
[Black "Rosen, Eric"]
[WhiteFideId "14103958"]
[BlackFideId "2032562"]
[WhiteElo "2186"]
[BlackElo "2331"]
[Result "0-1"]
[Round "02"]
[TimeControl "180+2"]
[Date "2023.04.11"]
[WhiteClock "0:00:01"]
[BlackClock "0:00:41"]

1. e4 e5 2. Nf3 Nf6 3. Nxe5 Nc6 4. Nxc6 dxc6 5. d3 Bc5 6. Be3 Bxe3 7. fxe3 Ng4 8. Qf3 Qg5 9. Kd2 Nxh2 10. Rxh2 Qe5 11. Qf4 Qxb2 12. Qxc7 Qxa1 13. Kc1 Be6 14. g3 Bxa2 15. Bh3 Qxb1+ 16. Kd2 O-O 17. Bf5 g6 18. Qf4 Qb4+ 19. Ke2 Qc3 20. Kf3 Qg7 21. Bh3 a5 22. e5 Be6 23. d4 a4 24. c4 Bxc4 25. e4 a3 26. Qc1 a2 27. Qxc4 a1=Q 28. e6 fxe6+ 29. Kg4 Qd1+ 30. Re2 h5+ 31. Kg5 Qf6+ 32. Kh6 Qh8+ 0-1


[Site "https://www.chess.com"]

[Event "Titled Tuesday Blitz April 11 Late 2023"]
[White "Perez Rodriguez, Jennifer"]
[Black "Djokic, Mihailo"]
[WhiteFideId "3507831"]
[BlackFideId "976440"]
[WhiteElo "2116"]
[BlackElo "2294"]
[Result "0-1"]
[Round "02"]
[TimeControl "180+2"]
[Date "2023.04.11"]
[WhiteClock "0:00:15"]
[BlackClock "0:00:22"]

1. c4 e5 2. Nc3 Nc6 3. Nf3 Nf6 4. e3 Bb4 5. Nd5 Bc5 6. a3 a5 7. d4 exd4 8. exd4 Be7 9. Nxe7 Qxe7+ 10. Be2 d5 11. O-O O-O 12. Re1 Qd6 13. c5 Qd7 14. Ne5 Nxe5 15. dxe5 Ne4 16. Bf3 Nxc5 17. Qxd5 Qxd5 18. Bxd5 Rd8 19. Bc4 Be6 20. Be3 Nd7 21. Bxe6 fxe6 22. f4 Nb8 23. Rac1 Nc6 24. Kf2 Rd3 25. Red1 Rad8 26. Rxd3 Rxd3 27. Ke2 Rd5 28. Rd1 Ne7 29. Rxd5 Nxd5 30. Kd3 a4 31. g4 b5 32. Ke4 Nxe3 33. Kxe3 c5 34. f5 Kf7 35. Ke4 Ke7 36. h4 h5 37. gxh5 exf5+ 38. Kxf5 b4 39. Kg6 bxa3 40. bxa3 Kf8 41. e6 c4 42. e7+ Kxe7 43. Kxg7 c3 44. h6 c2 45. h7 c1=Q 46. h8=Q Qg1+ 47. Kh7 Kf7 48. h5 Qg5 0-1


[Site "https://www.chess.com"]

[Event "Titled Tuesday Blitz April 11 Late 2023"]
[White "Sliwicki, Damian"]
[Black "Chylewski, Patryk"]
[WhiteFideId "1127128"]
[BlackFideId "1186191"]
[WhiteElo "2030"]
[BlackElo "2163"]
[Result "0-1"]
[Round "02"]
[TimeControl "180+2"]
[Date "2023.04.11"]
[WhiteClock "0:00:04"]
[BlackClock "0:00:03"]

1. e4 c6 2. Nc3 d5 3. Nf3 Nf6 4. e5 Ne4 5. Ne2 Qb6 6. d4 e6 7. c3 c5 8. Ng3 Nxg3 9. hxg3 Nc6 10. Bd3 cxd4 11. cxd4 Bb4+ 12. Kf1 h6 13. a3 Be7 14. Be3 Bd7 15. b4 O-O-O 16. Nd2 Kb8 17. Nb3 f6 18. Nc5 fxe5 19. dxe5 d4 20. Bf4 Bxc5 21. bxc5 Qxc5 22. Kg1 g5 23. Bd2 Nxe5 24. Be4 Bc6 25. Rc1 Qd6 26. Bb4 Qd7 27. Qe1 Bxe4 28. Qxe4 Nc6 29. Bd2 Qd5 30. Qd3 e5 31. Kh2 e4 32. Qc2 Ne5 33. Qc7+ Ka8 34. Rc5 Ng4+ 35. Kg1 Qb3 36. Rc1 Qb6 37. Qc4 d3 38. Be3 Nxe3 39. fxe3 Qxe3+ 40. Kh2 Qd4 41. Qc7 d2 42. Rc4 Qd6 43. Qxd6 Rxd6 44. Rd1 Re8 45. Rxd2 Rxd2 46. g4 e3 47. Re4 Rxe4 48. Kh3 e2 49. g3 e1=Q 50. a4 Qe2 51. a5 Qf2 52. a6 Qh2# 0-1


[Site "https://www.chess.com"]

[Event "Titled Tuesday Blitz April 11 Late 2023"]
[White "Seletsky, Grigory"]
[Black "Roebers, Eline"]
[WhiteFideId "14112191"]
[BlackFideId "1058401"]
[WhiteElo "2490"]
[BlackElo "2356"]
[Result "0-1"]
[Round "02"]
[TimeControl "180+2"]
[Date "2023.04.11"]
[WhiteClock "0:00:12"]
[BlackClock "0:01:00"]

1. e4 c5 2. Nf3 e6 3. d3 Nc6 4. Nbd2 Nf6 5. g3 Be7 6. Bg2 O-O 7. O-O d5 8. Re1 b5 9. e5 Nd7 10. Nf1 a5 11. h4 b4 12. Bf4 a4 13. N1h2 Kh8 14. Ng5 h6 15. Qh5 Qe8 16. Ng4 f5 17. Qxe8 Rxe8 18. Nxe6 fxg4 19. Bxd5 Bb7 20. Nc7 Rf8 21. Nxa8 Bxa8 22. a3 Nd4 23. Bxa8 Rxa8 24. Rac1 Nf3+ 25. Kg2 Nxe1+ 26. Rxe1 bxa3 27. bxa3 Ra6 28. Re4 c4 29. Bc1 cxd3 30. cxd3 Nc5 31. Rxg4 Nxd3 32. Rc4 Nxc1 33. Rxc1 Bxa3 34. Rc2 Bf8 35. f4 a3 36. Ra2 Rb6 37. Kf3 Rb3+ 38. Kg4 h5+ 39. Kxh5 Rxg3 40. f5 Be7 41. f6 g6+ 0-1


[Site "https://www.chess.com"]

[Event "Titled Tuesday Blitz April 11 Late 2023"]
[White "Omelja, Artem"]
[Black "Mickiewicz, Piotr"]
[WhiteFideId "14119846"]
[BlackFideId "1114891"]
[WhiteElo "2404"]
[BlackElo "2246"]
[Result "1/2-1/2"]
[Round "02"]
[TimeControl "180+2"]
[Date "2023.04.11"]
[WhiteClock "0:00:14"]
[BlackClock "0:00:15"]

1. e4 e5 2. d4 exd4 3. c3 Qe7 4. Bd3 d5 5. Qe2 dxe4 6. Bxe4 Nf6 7. Bf3 dxc3 8. Nxc3 Nc6 9. Bg5 Nd4 10. Qxe7+ Bxe7 11. O-O-O Nxf3 12. Nxf3 c6 13. Rhe1 Be6 14. Nd4 O-O-O 15. Nxe6 fxe6 16. Rxe6 Rxd1+ 17. Nxd1 Kd7 18. Re2 Re8 19. Nc3 Bd8 20. Rxe8 Nxe8 21. Bxd8 Kxd8 22. Kd2 Kd7 23. Ke3 Ke6 24. Ne4 Kd5 25. b3 h6 26. f4 a5 27. g4 b5 28. h4 Nc7 29. g5 Na6 30. f5 hxg5 31. hxg5 Ke5 32. f6 gxf6 33. g6 Ke6 34. g7 Kf7 35. Nxf6 Kxg7 36. Nd7 Nb4 37. a4 bxa4 38. bxa4 Kf7 39. Kd4 Ke7 40. Nc5 Kd6 41. Nb7+ Kc7 42. Nxa5 Kb6 43. Nc4+ Ka6 44. Kc5 Nd3+ 45. Kxc6 Nc1 46. Kc5 Nb3+ 47. Kb4 Nd4 48. Ne5 Nc2+ 49. Kc3 Ne3 50. Kd4 Nf5+ 51. Kc4 Ne3+ 52. Kb4 Nc2+ 53. Kc3 Ne3 54. Nd7 Nd5+ 55. Kc4 Nb6+ 56. Nxb6 Kxb6 57. a5+ Ka6 58. Kb4 Ka7 59. Kb5 Ka8 60. Kb6 Kb8 61. a6 Ka8 62. a7 1/2-1/2


[Site "https://www.chess.com"]

[Event "Titled Tuesday Blitz April 11 Late 2023"]
[White "Przybylski, Wojciech"]
[Black "Buchenau, Frank"]
[WhiteFideId "1117599"]
[BlackFideId "4604350"]
[WhiteElo "2222"]
[BlackElo "2157"]
[Result "1-0"]
[Round "02"]
[TimeControl "180+2"]
[Date "2023.04.11"]
[WhiteClock "0:00:13"]
[BlackClock "0:00:06"]

1. e4 e6 2. d4 d5 3. Nc3 Nf6 4. Bg5 dxe4 5. Nxe4 Be7 6. Bxf6 gxf6 7. Nc3 b6 8. Qf3 c6 9. O-O-O Bb7 10. Nge2 Qc7 11. Qg4 Nd7 12. Qh5 Rf8 13. Ng3 O-O-O 14. Bd3 f5 15. Kb1 Nf6 16. Qe2 Rxd4 17. Nxf5 Rdd8 18. Nxe7+ Qxe7 19. Rhe1 c5 20. f4 Rg8 21. g3 h5 22. Nb5 a6 23. Nc3 b5 24. Be4 Nxe4 25. Nxe4 h4 26. Qe3 Rd5 27. Nc3 Rxd1+ 28. Rxd1 hxg3 29. hxg3 Rd8 30. Rxd8+ Kxd8 31. a3 f6 32. g4 Kc7 33. g5 fxg5 34. fxg5 b4 35. axb4 cxb4 36. Na4 Qd6 37. b3 e5 38. Nc5 Bc8 39. Nd3 Qd4 40. Qxe5+ Qxe5 41. Nxe5 Kd6 42. Nd3 a5 43. g6 Ke6 44. g7 Kf7 45. Ne5+ Kxg7 46. Nc6 Kf6 47. Nxa5 Ke5 48. Nc6+ Kd5 49. Nxb4+ Kc5 50. Nd3+ Kd4 51. Kb2 Bf5 52. Nc1 Kc5 53. Ne2 Be6 54. c3 Kb5 55. Nd4+ 1-0


[Site "https://www.chess.com"]

[Event "Titled Tuesday Blitz April 11 Late 2023"]
[White "Filipets, Egor"]
[Black "Lorenzo De La Riva, Lazaro"]
[WhiteFideId "13503928"]
[BlackFideId "2268809"]
[WhiteElo "2233"]
[BlackElo "2294"]
[Result "0-1"]
[Round "02"]
[TimeControl "180+2"]
[Date "2023.04.11"]
[WhiteClock "0:00:40"]
[BlackClock "0:00:44"]

1. e4 c6 2. d4 d5 3. exd5 cxd5 4. Bd3 Nf6 5. h3 Nc6 6. c3 g6 7. Nf3 Bf5 8. O-O Bxd3 9. Qxd3 e6 10. Bf4 Bd6 11. Bxd6 Qxd6 12. Nbd2 O-O 13. Rfe1 Nd7 14. Qe3 Rae8 15. Qh6 f6 16. Re2 Ne7 17. Nh4 g5 18. Nhf3 Nf5 19. Qh5 Ng7 20. Qh6 Nf5 21. Qh5 Rf7 22. Rae1 Nf8 23. Nf1 Ng6 24. g3 Ng7 25. Qh6 Nf5 26. Qh5 Rfe7 27. N3h2 Ng7 28. Qh6 Rf7 29. Ng4 Ref8 30. Nfe3 Qd7 31. Ng2 b5 32. Kh2 a5 33. f4 f5 34. Ne5 Nxe5 35. Rxe5 Rf6 36. Qxg5 Rg6 37. Qh4 Rff6 38. g4 fxg4 39. hxg4 Rh6 40. Rh5 Nxh5 41. gxh5 Rf5 42. Re5 Rhxh5 43. Qxh5 Rxh5+ 44. Rxh5 b4 45. Kg3 bxc3 46. bxc3 Qc6 47. Kg4 Qxc3 48. Kg5 Qxd4 49. Nh4 Qg7+ 0-1


[Site "https://www.chess.com"]

[Event "Titled Tuesday Blitz April 11 Late 2023"]
[White "Dobre, Claudiu-Cristian"]
[Black "Marcziter, Dmitrii"]
[WhiteFideId "1211854"]
[BlackFideId "13900765"]
[WhiteElo "2207"]
[BlackElo "2162"]
[Result "1-0"]
[Round "02"]
[TimeControl "180+2"]
[Date "2023.04.11"]
[WhiteClock "0:00:21"]
[BlackClock "0:00:25"]

1. e4 c5 2. b3 d5 3. exd5 Qxd5 4. Nc3 Qd8 5. Nf3 Nf6 6. Bb2 a6 7. d4 cxd4 8. Qxd4 Qxd4 9. Nxd4 e5 10. Nf3 Nc6 11. Bc4 Bb4 12. O-O-O O-O 13. Nd5 Nxd5 14. Bxd5 Bc5 15. Nxe5 Nxe5 16. Bxe5 Bxf2 17. Rhf1 Be3+ 18. Kb1 Bg4 19. Rde1 Bc5 20. Bxb7 Ra7 21. Bf3 Bf5 22. Be4 Be6 23. c4 a5 24. Bd5 Bg4 25. Bc3 Bb4 26. Bxb4 axb4 27. Kb2 Bh5 28. Re5 Bg6 29. Rfe1 h6 30. Re8 Rxe8 31. Rxe8+ Kh7 32. c5 Rc7 33. c6 f5 34. Bg8+ Kh8 35. Bf7+ Kh7 36. Bxg6+ Kxg6 37. Re6+ Kf7 38. Rd6 Ke7 39. Rd7+ Rxd7 40. cxd7 Kxd7 41. a4 bxa3+ 42. Kxa3 f4 43. Kb4 g5 44. Kc5 h5 45. Kd4 g4 46. Ke4 f3 47. gxf3 gxf3 48. Kxf3 Kc6 49. h4 Kb5 50. Kf4 Kb4 51. Kg5 Kxb3 52. Kxh5 Kc4 53. Kg6 Kd5 54. Kg7 Ke6 55. h5 Ke7 56. h6 1-0


[Site "https://www.chess.com"]

[Event "Titled Tuesday Blitz April 11 Late 2023"]
[White "Bach, Matthias"]
[Black "Tomaszewski, Kacper"]
[WhiteFideId "4603168"]
[BlackFideId "1127373"]
[WhiteElo "2130"]
[BlackElo "2211"]
[Result "0-1"]
[Round "02"]
[TimeControl "180+2"]
[Date "2023.04.11"]
[WhiteClock "0:00:49"]
[BlackClock "0:01:16"]

1. d4 d6 2. f4 f5 3. Nf3 Nf6 4. g3 g6 5. Bg2 Bg7 6. O-O O-O 7. c4 Nc6 8. d5 Na5 9. Qc2 c5 10. Bd2 Ne4 11. Bxa5 Qxa5 12. Nbd2 Bd4+ 13. Nxd4 Qxd2 14. Qxd2 Nxd2 15. Rfd1 Nxc4 16. Nb5 Nxb2 17. Rdc1 Bd7 18. Nc7 Rab8 19. Rab1 Na4 20. Ne6 Bxe6 21. dxe6 b5 22. e4 b4 23. e5 Nc3 24. Rb2 dxe5 25. fxe5 Rfd8 26. Bc6 a5 27. Bd7 a4 28. Rd2 c4 29. Rd4 Ne2+ 0-1


[Site "https://www.chess.com"]

[Event "Titled Tuesday Blitz April 11 Late 2023"]
[White "Korkmaz, Necmettin"]
[Black "Ward, Ieuan C"]
[WhiteFideId "6303285"]
[BlackFideId "406627"]
[WhiteElo "2097"]
[BlackElo "2028"]
[Result "0-1"]
[Round "02"]
[TimeControl "180+2"]
[Date "2023.04.11"]
[WhiteClock "0:00:17"]
[BlackClock "0:00:41"]

1. e4 e5 2. Nf3 Nc6 3. Bc4 Bc5 4. b4 Bxb4 5. c3 Ba5 6. d4 exd4 7. O-O dxc3 8. Qb3 Qf6 9. e5 Qg6 10. Nxc3 Nge7 11. Ba3 O-O 12. Nd5 Nxd5 13. Bxf8 Nf4 14. Nh4 Qg4 15. Qg3 d5 16. exd6 Kxf8 17. dxc7 Bxc7 18. Qxg4 Bxg4 19. Rab1 Bb6 20. h3 Be2 21. Rfc1 Bxc4 22. Rxc4 Nd3 23. Rb3 Nxf2 24. Rxb6 axb6 25. Kxf2 Rxa2+ 26. Kg3 Rb2 27. Nf5 Rb3+ 28. Kf2 b5 29. Re4 Rb2+ 30. Kf1 f6 31. Nd6 Ne5 32. Nxb7 b4 33. Nc5 Kf7 34. Rd4 Rb1+ 35. Kf2 g5 36. g4 Rh1 37. Kg2 Rh2+ 38. Kg3 Rc2 39. Ne4 b3 40. Rb4 b2 41. Rb7+ Ke6 42. Nf2 Nc4 43. Ne4 Rc1 44. Nc5+ Kd5 45. Nd3 b1=Q 46. Rxb1 Rxb1 47. Nf2 Rb3+ 0-1


[Site "https://www.chess.com"]

[Event "Titled Tuesday Blitz April 11 Late 2023"]
[White "Zarnicki, Pablo"]
[Black "Hoffmann, Asa"]
[WhiteFideId "100137"]
[BlackFideId "2001470"]
[WhiteElo "2468"]
[BlackElo "2117"]
[Result "1/2-1/2"]
[Round "02"]
[TimeControl "180+2"]
[Date "2023.04.11"]
[WhiteClock "0:00:09"]
[BlackClock "0:00:35"]

1. e4 d6 2. d4 Nf6 3. Nc3 c6 4. f4 Qa5 5. Bd3 e5 6. Nf3 exd4 7. Nxd4 Qb6 8. Nf3 Be7 9. Qe2 O-O 10. h3 Nh5 11. Qf2 d5 12. g4 Bc5 13. Qh4 Nf6 14. e5 Ne4 15. Nxe4 dxe4 16. Ng5 h6 17. Nxe4 Be6 18. Nxc5 Qxc5 19. Qf2 Nd7 20. Be3 Qa5+ 21. Bd2 Qb6 22. Qxb6 axb6 23. a3 Nc5 24. Be2 Bd5 25. O-O Ne4 26. Be1 b5 27. Rd1 f6 28. exf6 Rxf6 29. Bh4 Rf7 30. f5 Re8 31. Bf3 Nf6 32. Bxf6 Bxf3 33. Rxf3 Rxf6 34. Rd7 Re2 35. Rf2 Re3 36. Kg2 Rf7 37. Rd8+ Rf8 38. Rd6 Rf6 39. Rxf6 gxf6 40. Rd2 h5 41. c3 hxg4 42. hxg4 Kg7 43. Kf2 Rh3 44. Kg2 Re3 45. Rd7+ Kh6 46. Rxb7 Kg5 47. Rb6 Kxg4 48. Rxc6 Re2+ 49. Kf1 Rxb2 50. Rxf6 Rb3 51. Rf8 Rxa3 52. f6 Kg5 53. f7 Kg6 54. Ke2 Rxc3 55. Rb8 Kxf7 56. Rxb5 Rc7 57. Rb2 Re7+ 58. Kd2 Rd7+ 59. Kc2 Rc7+ 60. Kb1 Rc6 61. Ka2 Ke6 62. Rb1 Kd5 63. Rb2 Rc4 64. Kb1 Kd4 65. Ra2 Rc3 66. Rb2 Kd3 67. Ka2 Rc5 68. Rb3+ Kc2 69. Rb2+ Kc1 70. Rb1+ Kc2 71. Rb2+ Kc3 72. Rb3+ Kc4 73. Kb2 Rg5 74. Rc3+ Kd4 75. Rc8 Rc5 76. Rd8+ Kc4 77. Rd2 Kb4 78. Rd4+ Rc4 79. Rd3 Kc5 80. Rc3 Rxc3 81. Kxc3 1/2-1/2


[Site "https://www.chess.com"]

[Event "Titled Tuesday Blitz April 11 Late 2023"]
[White "Anand, Nadar"]
[Black "Skaric, Djuro"]
[WhiteFideId "25009141"]
[BlackFideId "934569"]
[WhiteElo "2247"]
[BlackElo "2282"]
[Result "1-0"]
[Round "02"]
[TimeControl "180+2"]
[Date "2023.04.11"]
[WhiteClock "0:00:03"]
[BlackClock "0:00:16"]

1. d4 d6 2. Nf3 g6 3. g3 Bg7 4. Bg2 Nf6 5. O-O O-O 6. a4 Nc6 7. Nbd2 e5 8. c3 Nd7 9. e3 h6 10. Ne1 f5 11. f4 Kh7 12. Qc2 Nf6 13. Nd3 Ng4 14. Re1 Bd7 15. h3 e4 16. hxg4 exd3 17. Qxd3 fxg4 18. e4 h5 19. d5 Ne7 20. Nc4 Ng8 21. Kf2 h4 22. gxh4 Qxh4+ 23. Qg3 Qxg3+ 24. Kxg3 Nh6 25. Be3 a6 26. Bd4 Rae8 27. Ne3 Rf7 28. Rh1 Ref8 29. Raf1 Bxd4 30. cxd4 Kg7 31. e5 Nf5+ 32. Nxf5+ Bxf5 33. Rc1 g5 34. fxg5 dxe5 35. dxe5 Re7 36. e6 Rd8 37. Rcf1 Bg6 38. Kxg4 c6 39. Rd1 cxd5 40. Rxd5 Rde8 41. Rd7 Bc2 42. Bxb7 Bxa4 43. Rxe7+ Rxe7 44. Bd5 Be8 45. Rf1 Bg6 46. Rf6 a5 47. b3 Rc7 48. Kf4 Be8 49. Ke5 Rc3 50. Kd6 Bg6 51. e7 Rd3 52. Rxg6+ Kxg6 53. e8=Q+ Kxg5 54. Qe5+ 1-0


[Site "https://www.chess.com"]

[Event "Titled Tuesday Blitz April 11 Late 2023"]
[White "Ozalp, Burak"]
[Black "Aggelis, Nikolaos"]
[WhiteFideId "6314210"]
[BlackFideId "4213220"]
[WhiteElo "2106"]
[BlackElo "2189"]
[Result "0-1"]
[Round "02"]
[TimeControl "180+2"]
[Date "2023.04.11"]
[WhiteClock "0:00:05"]
[BlackClock "0:00:25"]

1. c4 c5 2. Nf3 b6 3. e3 Bb7 4. d4 cxd4 5. exd4 g6 6. Nc3 Bg7 7. Be3 Nf6 8. Rc1 d5 9. Ne5 O-O 10. Be2 Nc6 11. Bf3 Na5 12. b4 Nc6 13. Nxc6 Bxc6 14. O-O Rc8 15. b5 Ba8 16. c5 bxc5 17. dxc5 Qa5 18. c6 Rfd8 19. Bd4 a6 20. a4 Ne4 21. Bxg7 Kxg7 22. Qd4+ f6 23. Nxe4 dxe4 24. Qxe4 e5 25. Rfd1 axb5 26. Rxd8 Rxd8 27. axb5 Qxb5 28. h4 Rc8 29. h5 Rc7 30. hxg6 hxg6 31. Qd5 Qxd5 32. Bxd5 Kf8 33. Ra1 Bxc6 34. Rc1 Bxd5 35. Rxc7 Bf7 36. g3 Kg7 37. Kf1 g5 38. Ke1 Kg6 39. Kd2 Bd5 40. Kd3 Kf5 41. Ke3 Bb3 42. Rc5 Bd1 43. f3 g4 44. f4 Bf3 45. fxe5 fxe5 46. Rc8 Bd5 47. Rf8+ Kg5 48. Re8 Kf5 49. Rd8 Bf3 50. Rb8 Bd5 51. Rb4 Bf3 52. Kd2 Bd5 53. Kc3 Bg2 54. Ra4 Bh1 55. Kb4 Ke4 56. Ra3 Bg2 57. Kc5 Bf1 58. Kd6 Be2 59. Ke6 Bd3 60. Rxd3 Kxd3 61. Kxe5 Ke3 62. Kf5 Kf3 63. Ke5 Kxg3 64. Ke4 Kh2 0-1


[Site "https://www.chess.com"]

[Event "Titled Tuesday Blitz April 11 Late 2023"]
[White "Karamsetty, Jeevan"]
[Black "Rodriguez Santiago, Jaime"]
[WhiteFideId "2025337"]
[BlackFideId "3100898"]
[WhiteElo "2111"]
[BlackElo "2025"]
[Result "1-0"]
[Round "02"]
[TimeControl "180+2"]
[Date "2023.04.11"]
[WhiteClock "0:00:12"]
[BlackClock "0:00:01"]

1. e4 c6 2. d4 d5 3. Nc3 dxe4 4. Nxe4 Nf6 5. Nxf6+ exf6 6. Nf3 Bd6 7. Bd3 O-O 8. O-O Re8 9. h3 Nd7 10. c3 Nf8 11. b4 Be6 12. a4 Qd7 13. Bd2 Rad8 14. Qc2 Bxh3 15. Nh2 Bxh2+ 16. Kxh2 Be6 17. Rh1 Bd5 18. c4 Be6 19. Be3 f5 20. Kg1 Ng6 21. g3 Qc7 22. Kg2 a5 23. b5 cxb5 24. axb5 b6 25. Rac1 Rc8 26. Bxf5 Bxf5 27. Qxf5 Qb7+ 28. Kg1 a4 29. Qd3 Ra8 30. Qa3 Qf3 31. c5 Re6 32. c6 Nf4 33. gxf4 Rg6+ 34. Kf1 Qxh1+ 35. Ke2 Qh5+ 36. Kd2 h6 37. c7 Rc8 38. Qxa4 Qf5 39. Qa6 Rd6 40. Qb7 Kh7 41. Ra1 Qd7 42. Rc1 Re6 43. f5 Re7 44. Rc6 Rxc7 45. Qxb6 Rb7 46. Qc5 f6 47. b6 Qd8 48. Rd6 Red7 49. Rc6 Qe7 50. Rc8 Qe4 51. Ke2 Qg4+ 52. Kd2 Qe4 53. Qf8 Qxf5 54. Qh8+ Kg6 55. Qe8+ Rf7 56. Qd8 Rbe7 57. Rc5 Qe4 58. Qd5 Qxd5 59. Rxd5 Rb7 60. Rb5 Rfd7 61. d5 h5 62. Kc3 h4 63. Kc4 Kf7 64. Rb1 g5 65. Kc5 f5 66. d6 Kf6 67. Bd4+ Kg6 68. Re1 g4 69. Kc6 Kg5 70. Re5 h3 71. Be3+ Kf6 72. Re8 Rh7 73. Rf8+ Ke5 74. Re8+ Kf6 75. Rf8+ Kg7 76. Kxb7 h2 77. Rc8 h1=Q+ 78. Kb8 Kf6 79. Rc7 Rh8+ 80. Rc8 Rxc8+ 81. Kxc8 Qc6+ 82. Kb8 Qxd6+ 83. Ka8 Qc6+ 84. b7 Ke5 85. Ka7 Qc7 86. Bb6 Qd7 87. Ka8 Qc6 88. Ka7 Qa4+ 89. Kb8 f4 90. Kc8 Qe8+ 91. Kc7 Qe7+ 92. Kc8 Qe8+ 93. Bd8 Qc6+ 94. Bc7+ Ke6 95. b8=Q Qd7+ 96. Kb7 Qd5+ 97. Ka7 Qa2+ 98. Kb7 Qb3+ 99. Bb6 1-0


[Site "https://www.chess.com"]

[Event "Titled Tuesday Blitz April 11 Late 2023"]
[White "Grot, Blazej"]
[Black "Smith, Garrett L"]
[WhiteFideId "21835845"]
[BlackFideId "2024829"]
[WhiteElo "1823"]
[BlackElo "2047"]
[Result "1-0"]
[Round "02"]
[TimeControl "180+2"]
[Date "2023.04.11"]
[WhiteClock "0:00:04"]
[BlackClock "0:00:23"]

1. e4 c5 2. Nc3 Nc6 3. Bb5 Na5 4. Nf3 a6 5. Be2 b5 6. d4 cxd4 7. Qxd4 Bb7 8. Be3 e6 9. O-O Nf6 10. a4 Nc6 11. Qd2 b4 12. Nd5 Nxe4 13. Qd3 exd5 14. Qxd5 Nf6 15. Qg5 Ne4 16. Qd5 Na5 17. Qd4 Qf6 18. Qd3 Bc5 19. Rad1 d5 20. Bxc5 Nxc5 21. Qe3+ Ne6 22. Qb6 Qd8 23. Qxb4 Rc8 24. c4 d4 25. Rfe1 Rb8 26. Nxd4 Be4 27. Nxe6 Rxb4 28. Rxd8+ Ke7 29. Rxh8 fxe6 30. Bg4 Rxc4 31. Ra8 Rxa4 32. Ra7+ Kf6 33. f3 Bd5 34. Rxa6 g6 35. Bxe6 Bxe6 36. Raxe6+ Kg5 37. R1e5+ Kh6 38. Ra6 Ra1+ 39. Kf2 Nb3 40. Rxa1 Nxa1 41. b4 Nc2 42. b5 Nd4 43. b6 1-0


[Site "https://www.chess.com"]

[Event "Titled Tuesday Blitz April 11 Late 2023"]
[White "Rose, Felix"]
[Black "Ferreira, Vitor Hugo Vieira"]
[WhiteFideId "5105722"]
[BlackFideId "2119765"]
[WhiteElo "2039"]
[BlackElo "2146"]
[Result "1-0"]
[Round "02"]
[TimeControl "180+2"]
[Date "2023.04.11"]
[WhiteClock "0:00:05"]
[BlackClock "0:00:45"]

1. e4 c5 2. Nf3 d6 3. d4 cxd4 4. Nxd4 Nf6 5. Nc3 a6 6. Be3 e5 7. Nb3 Be6 8. f3 h5 9. Nd5 Bxd5 10. exd5 g6 11. a4 b6 12. Be2 Bg7 13. O-O O-O 14. Qd2 Nbd7 15. Rfc1 Nc5 16. Nxc5 bxc5 17. a5 Re8 18. Rab1 e4 19. Kh1 Nd7 20. f4 Qh4 21. b4 cxb4 22. Rxb4 Nf6 23. h3 Ng4 24. Bxg4 hxg4 25. Kh2 gxh3 26. g3 Qg4 27. c4 Rab8 28. Rcb1 Rbc8 29. Qd1 Qf5 30. g4 Qd7 31. Kxh3 g5 32. f5 Be5 33. Bxg5 Kg7 34. Kg2 Rh8 35. Rb7 Rh2+ 36. Kg1 Qe8 37. f6+ Kg6 38. Be3 Rh1+ 39. Kxh1 Qh8+ 40. Kg1 Qh2+ 41. Kf1 Qh1+ 42. Ke2 Qf3+ 43. Kd2 Rxc4 44. Qxf3 exf3 45. Rc1 Rxg4 46. Rf1 Rg2+ 47. Kd3 Rg3 48. Rb6 Kxf6 49. Rxa6 Kf5 50. Ra8 Bg7 51. a6 Ke5 52. a7 Kxd5 53. Re8 f2 54. a8=Q# 1-0


[Site "https://www.chess.com"]